 Dungeon Crawl Stone Soup version 0.31-a0-267-g3fc6992b3b (webtiles) character file.

Game seed: 12544237334962421107

1 British0li the Sneak (level 1, -5/18 HPs)
             Began as a Demonspawn Delver on July 14, 2023.
             Was an Initiate of Makhleb.
             Slain by a gnoll
             ... wielding a +0 whip
              (6 damage)
             ... on level 3 of the Dungeon.
             The game lasted 00:00:36 (86 turns).

British0li the Sneak (Demonspawn Delver)              Turns: 86, Time: 00:00:37

Health: -5/18      AC:  3    Str: 12    XL:     1   Next: 16%
Magic:  1/1        EV: 11    Int: 11    God:    Makhleb [......]
Gold:   17         SH:  0    Dex: 14    Spells: 0/0 levels left

rFire   . . .        a - +0 falchion
rCold   . . .        (no shield)
rNeg    . . .        b - +0 leather armour
rPois   .            (no helmet)
rElec   .            (no cloak)
rCorr   .            (no gloves)
SInv    .            (no boots)
Will    .....        (no amulet)
Stlth   ++           (no ring)
HPRegen 0.23/turn    (no ring)
MPRegen 0.07/turn

%: no passive effects
@: no status effects
A: no striking features
a: Renounce Religion


You were on level 3 of the Dungeon.
You worshipped Makhleb.
Makhleb was noncommittal.
You visited 2 branches of the dungeon, and saw 4 of its levels.

You collected 17 gold pieces.

Inventory:

Hand Weapons
 a - a +0 falchion (weapon)
Armour
 b - a +0 leather armour (worn)
Wands
 g - a wand of digging (3)
Scrolls
 c - a scroll of fog
 d - a scroll of revelation


   Skills:
 + Level 3.0 Fighting
 + Level 1.8 Long Blades
 + Level 1.8 Dodging
 + Level 4.5 Stealth


You couldn't memorise any spells.
You didn't know any spells.
Your spell library was empty.

Dungeon Overview and Level Annotations

Branches:
Dungeon (5/15)             Temple (1/1) D:5

Altars:
Ashenzari
Cheibriados
Hepliaklqana
Makhleb
Trog
Uskayaw
Vehumet


Message History

You hit the quokka.
You kill the quokka!
Makhleb accepts your kill.
No target in view!
No target in view!
You now have 17 gold pieces.
You feel yourself slow down.
There is a stone staircase leading up here.
You climb upwards.
The gnoll shouts! x3
Found 7 stones.
There is a stone staircase leading down here.
You open the door.
Found an escape hatch in the ceiling.
There is an open door here.
Found 10 gold pieces.
There is an escape hatch in the ceiling here.
The gnoll hits you with a +0 whip. A mysterious force pulls you upwards.
The hatch slams shut behind you.
Found 9 gold pieces, a scroll labelled YGE OCIVOEDY and 7 stones.
Found a radiant altar of Vehumet.
You closely miss the gnoll. The gnoll hits you but does no damage.
You hit the gnoll.
The gnoll is lightly wounded.
The gnoll barely misses you.
You closely miss the gnoll.
The gnoll is lightly wounded.
The gnoll hits you with a +0 whip!
* * * LOW HITPOINT WARNING * * *
You completely miss the gnoll.
The gnoll is lightly wounded.
The gnoll closely misses you.
You hit the gnoll but do no damage.
The gnoll is lightly wounded.
The gnoll barely misses you. The gnoll hits you with a +0 whip.
* * * LOW HITPOINT WARNING * * *
You barely miss the gnoll.
The gnoll is lightly wounded.
The gnoll hits you with a +0 whip.
You die...

..## ..# ♣
..## ♣.
...# ♣♣..
♣..# ♣.(_.
♣.?#
♣.....♣..#
$.....g@#
#.....###
#####


You could see a gnoll.

Vanquished Creatures
  A quokka (D:5)
1 creature vanquished.

Notes
Turn   | Place    | Note
-------+----------+-------------------------------------------
     0 | D:5      | British0li the Demonspawn Delver began the quest for the
                  | Orb.
     0 | D:5      | Reached XP level 1. HP: 18/18 MP: 1/1
     1 | D:5      | Noticed a black bear
     6 | Temple   | Entered the Ecumenical Temple
    18 | Temple   | Became a worshipper of Makhleb the Destroyer
    80 | D:3      | Found a radiant altar of Vehumet.
    86 | D:3      | Slain by a gnoll

Illustrated notes

Levels and vault maps discovered:
D:3:      layout_loops_ring, mainiacjoe_overflow_two_lobes,
          ebering_ecumenical_altar_sacrificial
D:4:      nicolae_cairo_tiling, layout_gridville, uniq_crazy_yiuf_cottage
D:5:      layout_rooms, temple_fountains, uniq_blork_the_orc
Temple:   nicolae_temple_bog_church

Action                     || total
---------------------------++-------
  Melee: Falchion          ||    13
    Use: Scroll            ||     1
         Potion            ||     1
 Armour: Leather armour    ||     7
  Dodge: Dodged            ||    10

Table legend: (Time is in decaauts)
 A = Elapsed time spent in this place.
 B = Non-inter-level travel time spent in this place.
 C = Inter-level travel time spent in this place.
 D = Time resting spent in this place.
 E = Time spent auto-exploring this place.
 F = Levels seen in this place.
 G = Mean time per level.
                   A        B        C        D        E       F      G
               +--------+--------+--------+--------+--------+-----+--------+
         Total |     72 |     72 |      0 |      0 |     11 |   4 |   18.0 |
       Dungeon |     50 |     50 |      0 |      0 |     11 |   3 |   16.7 |
        Temple |     21 |     21 |      0 |      0 |      0 |   1 |   21.0 |
               +--------+--------+--------+--------+--------+-----+--------+

Top non-repeatable levels by time:
     D:5: 31 daAuts
  Temple: 21 daAuts
     D:4: 12 daAuts
     D:3: 6 daAuts
